 Dungeon Crawl Stone Soup version 0.21.0-25-ge575cb9ce8 (webtiles) character file.

10089 Hat the Severer (level 11, -7/90 HPs)
             Began as a Deep Dwarf Berserker on Jan 25, 2018.
             Was an Elder of Trog.
             Mangled by Snorg (10 damage)
             ... on level 10 of the Dungeon.
             The game lasted 01:07:36 (8082 turns).

Hat the Severer (Deep Dwarf Berserker)              Turns: 8082, Time: 01:07:36

Health: -7/90      AC: 15    Str: 24    XL:     11   Next: 31%
Magic:  11/11      EV:  9    Int:  8    God:    Trog [****..]
Gold:   696        SH:  8    Dex: 12    Spells: 10/10 levels left

rFire    . . .     SeeInvis .   y - +2 war axe (distort)
rCold    . . .     Gourm    .   l - +0 shield
rNeg     + . .     Faith    +   A - quicksilver dragon scales (curse)
rPois    .         Spirit   .   (helmet restricted)
rElec    .         Reflect  .   (no cloak)
rCorr    .         Harm     .   a - +2 pair of gloves
MR       ++++.     Rnd*Rage +   (no boots)
Stlth    +.........             x - amulet of faith
HPRegen  1.00/turn              v - ring of positive energy
MPRegen  0.12/turn              (no ring)

@: very slightly contaminated, non-regenerating
A: damage resistance, heal wounds, horns 1, yellow scales 1, berserk 1, sense
surroundings 2, no regeneration
a: Heal Wounds, Berserk, Trog's Hand, Brothers in Arms, Burn Spellbooks,
Renounce Religion


You were on level 10 of the Dungeon.
You worshipped Trog.
Trog was greatly pleased with you.
You were not hungry.

You visited 3 branches of the dungeon, and saw 14 of its levels.

You collected 696 gold pieces.

Inventory:

Hand Weapons
 g - a +2 hand axe of electrocution
 s - the +3 battleaxe of Forgiveness {freeze, MP+9 SInv, unknown}
   (You acquired it on level 10 of the Dungeon)

   It has been specially enchanted to freeze those struck by it, causing extra
   injury to most foes and up to half again as much damage against particularly
   susceptible opponents.
   It can also slow down cold-blooded creatures.
   It affects your magic capacity (+9).
   It lets you see invisible.
 y - a +2 war axe of distortion (weapon)
Armour
 a - a +2 pair of gloves (worn)
 l - a +0 shield (worn)
 A - cursed quicksilver dragon scales (worn)
 D - a +3 scale mail of positive energy
 H - a +0 plate armour
Jewellery
 r - an uncursed amulet of regeneration
 v - a ring of positive energy (left hand)
 w - an uncursed ring of resist corrosion
 x - an amulet of faith (around neck)
 N - a +2 ring of intelligence
 S - an uncursed ring of magical power
Wands
 p - a wand of enslavement (11)
 J - a wand of disintegration (16)
 L - a wand of clouds (7)
 M - a wand of polymorph (12)
 O - a wand of acid (19)
 Q - a wand of digging (30)
Scrolls
 b - 5 scrolls of remove curse
 d - a scroll of noise
 e - 3 scrolls of enchant weapon
 f - 6 scrolls of fear
 i - 2 scrolls of immolation
 m - 9 scrolls of identify
 q - 7 scrolls of teleportation
 u - 3 scrolls of random uselessness
 P - a scroll of fog
Potions
 j - 2 potions of brilliance
 k - 6 potions of curing
 n - 2 potions of lignification
 t - 2 potions of might
 z - 2 potions of blood
 I - a potion of resistance
Miscellaneous
 V - a sack of spiders
Comestibles
 c - 20 rations
 R - 21 chunks of flesh


   Skills:
 - Level 3.1 Fighting
 + Level 18.0 Axes
 - Level 2.4 Armour
 - Level 2.3 Dodging


You had 10 spell levels left.
You didn't know any spells.

Dungeon Overview and Level Annotations

Branches:
Dungeon (11/15)            Temple (1/1) D:7            Lair (2/6) D:9
  Swamp: Lair:2-4    Shoals: Lair:2-4     Snake: Lair:2-4    Spider: Lair:2-4
    Orc: D:9-12

Altars:
Ashenzari
Cheibriados
Dithmenos
Elyvilon
Fedhas
Gozag
Hepliaklqana
Kikubaaqudgha
Makhleb
Nemelex Xobeh
Okawaru
Qazlal
Ru
Sif Muna
Trog
Uskayaw
Vehumet
Wu Jian
Xom
Yredelemnul
Zin
The Shining One

Annotations:
D:10 Snorg
Abyss:1 Nergalle


Innate Abilities, Weirdness & Mutations

You are resistant to damage.
You can heal yourself by infusing magical energy.
You passively map the area around you.
You do not regenerate.
You have a pair of small horns on your head.
You are partially covered in yellow scales. (AC +2)
You tend to lose your temper in combat.


Message History

You block Snorg's attack. You block Snorg's attack.
Snorg claws you but does no damage. Snorg claws you. Snorg barely misses you.
Snorg closely misses you. Snorg claws you. Snorg bites you but does no damage.
Snorg claws you! x2
You hear a shout!
Your skin crawls.
You feel resistant to hostile enchantments.
You feel somewhat more hungry. Snorg bites you! Snorg claws you.
Snorg claws you!
* * * LOW HITPOINT WARNING * * *
Snorg closely misses you. Snorg claws you but does no damage. x2
Snorg bites you.
* * * LOW HITPOINT WARNING * * *
Snorg misses you. Snorg claws you but does no damage.
You hear a shout!
Snorg rages.
Snorg bites you!!
* * * LOW HITPOINT WARNING * * *
Snorg claws you!
You die...

#........., .#.. *
.....#.# ... ,* **
#.#.#.##..#,, * , *
#..รทยง..#..#.# ,, , *
* ###.#.......#
,,,##### ####.##.#[.###
*...# #..........#
####.###.#####.#......,
* * ,
#........#####@#.#####
*, * #....##......T.# #
,, ,
####.#......######,*
*** , , ..##.#)##.#.# *
, ......[##.#.# , * ,
#.##).....#.# , , ,, *
..)).#####...# * * ***
..##.# *.#.. , , ..##.#
# # , ,,,, * *


You could see Snorg (berserk).

Vanquished Creatures
  Gastronok (D:9)
  Erica (Lair:1)
  Joseph (D:9)
  A komodo dragon (Lair:1)
  Prince Ribbit (D:7)
  3 hippogriffs
  Sigmund (D:5)
  A vampire (D:10)
  2 hungry ghosts (D:8)
  Edmund (D:6)
  Menkaure (D:7)
  2 water moccasins
  A porcupine (Lair:1)
  2 sky beasts
  4 black bears
  A phantom (D:8)
  4 orc warriors
  2 ice beasts (D:10)
  2 ogres
  5 wolves (Lair:1)
  A centaur (D:2)
  2 crocodiles
  7 bullfrogs
  A wyvern zombie (D:8)
  4 scorpions
  A wyvern skeleton (D:9)
  20 killer bees
  5 wights (D:6)
  3 howler monkeys
  8 crimson imps
  2 jellies
  3 hounds
  A bullfrog skeleton (D:10)
  2 orc priests
  3 iguanas
  6 orc wizards
  5 worker ants
  2 hound skeletons
  2 worker ant zombies
  A gnoll (D:1)
  4 adders
  An ooze (D:2)
  An adder skeleton (D:4)
  3 worms
  A dart slug (D:3)
  5 leopard geckos
  31 orcs
  A ball python (D:1)
  4 giant cockroaches
  4 goblins
  6 hobgoblins
  3 jackals (D:1)
  3 quokkas
  6 bats
  5 frilled lizards
  9 kobolds
  A leopard gecko skeleton (D:4)
  A leopard gecko zombie (D:5)
  A quokka skeleton (D:4)
  4 rats
  3 fungi
  A plant (D:9)
214 creatures vanquished.

Vanquished Creatures (others)
  A bullfrog (D:10)
  2 killer bees (D:9)
  An orc (D:10)
  3 fungi (D:9)
  2 plants (D:9)
9 creatures vanquished.

Grand Total: 223 creatures vanquished

Notes
Turn   | Place    | Note
-------+----------+-------------------------------------------
     0 | D:1      | Hat the Deep Dwarf Berserker began the quest for the Orb.
     0 | D:1      | Reached XP level 1. HP: 20/20 MP: 1/1
    53 | D:1      | Reached XP level 2. HP: 24/27 MP: 2/2
   213 | D:1      | Reached skill level 4 in Axes
   263 | D:3      | Reached XP level 3. HP: 29/34 MP: 3/3
   302 | D:2      | Noticed a centaur
   310 | D:2      | Killed a centaur
   310 | D:2      | Reached skill level 5 in Axes
   310 | D:2      | Reached XP level 4. HP: 27/42 MP: 4/4
   692 | D:1      | Reached ** piety under Trog
  1262 | D:2      | Reached XP level 5. HP: 29/49 MP: 5/5
  1379 | D:2      | Found a hazy altar of Hepliaklqana.
  1463 | D:3      | Reached skill level 6 in Axes
  1561 | D:3      | Found a snail-covered altar of Cheibriados.
  1900 | D:4      | Reached skill level 7 in Axes
  1911 | D:4      | Reached XP level 6. HP: 56/56 MP: 6/6
  1942 | D:4      | Noticed an orc warrior
  1947 | D:4      | Killed an orc warrior
  2026 | D:4      | Found a deep blue altar of Sif Muna.
  2081 | D:5      | Entered Level 5 of the Dungeon
  2130 | D:4      | Reached skill level 8 in Axes
  2232 | D:4      | Reached XP level 7. HP: 55/62 MP: 7/7
  2245 | D:4      | Found an iron altar of Okawaru.
  2465 | D:5      | Reached skill level 9 in Axes
  2516 | D:5      | Found an ornate altar of the Wu Jian Council.
  2851 | D:5      | Found a blossoming altar of Fedhas.
  3002 | D:5      | Found a burning altar of Makhleb.
  3020 | D:5      | Reached skill level 10 in Axes
  3199 | D:5      | Noticed Sigmund
  3210 | D:5      | Killed Sigmund
  3210 | D:5      | Reached XP level 8. HP: 44/69 MP: 8/8
  3263 | D:6      | Found a bloodstained altar of Trog.
  3407 | D:6      | Reached skill level 11 in Axes
  3424 | D:6      | Noticed Edmund
  3433 | D:6      | Reached *** piety under Trog
  3446 | D:6      | Reached skill level 12 in Axes
  3563 | D:6      | Killed Edmund
  3563 | D:6      | Gained mutation: You passively map the area around you. [Deep Dwarf growth]
  3563 | D:6      | Reached XP level 9. HP: 72/75 MP: 9/9
  3611 | D:7      | Noticed Menkaure
  3621 | D:7      | Killed Menkaure
  3655 | D:7      | Reached skill level 13 in Axes
  3790 | D:8      | Found a radiant altar of Vehumet.
  3850 | D:10     | Entered Level 10 of the Dungeon
  4285 | D:6      | Reached skill level 14 in Axes
  4488 | D:7      | Noticed Prince Ribbit
  4500 | D:7      | Killed Prince Ribbit
  4650 | D:7      | Found a staircase to the Ecumenical Temple.
  4659 | Temple   | Entered the Ecumenical Temple
  5348 | D:8      | Reached **** piety under Trog
  5363 | D:8      | Found a sparkling altar of Nemelex Xobeh.
  5493 | D:8      | Reached skill level 15 in Axes
  5493 | D:8      | Reached XP level 10. HP: 77/84 MP: 10/10
  5524 | D:8      | Found a shattered altar of Ashenzari.
  5922 | D:9      | Noticed Joseph
  5932 | D:9      | Killed Joseph
  5949 | D:9      | Noticed Gastronok
  5987 | D:9      | HP: 4/84 [Gastronok (25)]
  5988 | D:9      | Killed Gastronok
  5988 | D:9      | Reached skill level 16 in Axes
  6104 | D:9      | Found a staircase to the Lair.
  6766 | D:9      | Reached skill level 17 in Axes
  6774 | Lair:1   | Entered Level 1 of the Lair of Beasts
  6908 | Lair:2   | Noticed a spiny frog
  7082 | Lair:1   | Reached XP level 11. HP: 82/90 MP: 11/11
  7205 | Lair:1   | Noticed Nergalle
  7388 | Lair:1   | Noticed Erica
  7389 | Lair:1   | Noticed a spectral orc warlord
  7392 | Lair:1   | Banished Nergalle
  7402 | Lair:1   | Killed Erica
  7869 | D:10     | Identified a scroll of acquirement
  7872 | D:10     | Got a scorched battleaxe
  7927 | D:10     | Reached skill level 18 in Axes
  7968 | D:10     | Gained mutation: You tend to lose your temper in combat. [potion of mutation]
  7968 | D:10     | Gained mutation: You are partially covered in yellow scales. (AC +2) [potion of mutation]
  7968 | D:10     | Gained mutation: You have a pair of small horns on your head. [potion of mutation]
  8058 | D:10     | Noticed Snorg
  8082 | D:10     | HP: 3/90 [Snorg (19)]
  8082 | D:10     | Mangled by Snorg

Skill      XL: |  1  2  3  4  5  6  7  8  9 10 11 |
---------------+----------------------------------+-----
Fighting       | 3 |  3.1
Axes           | 4 5 7 8 10 12 15 17 18 | 18.0
Armour         | |  2.4
Dodging        | |  2.3

Action                   |  1- 3 |  4- 6 |  7- 9 | 10-12 || total
-------------------------+-------+-------+-------+-------++-------
Melee: Hand axe          |    57 |   148 |   300 |    43 ||   548
       War axe           |       |       |       |   251 ||   251
       Headbutt          |       |       |       |     1 ||     1
Invok: Trog's Hand       |       |     3 |     9 |    13 ||    25
       Burn Spellbooks   |       |     1 |       |     1 ||     2
  Use: Scroll            |       |       |     1 |    14 ||    15
       Potion            |       |       |       |    11 ||    11
 Stab: Invisible         |       |       |       |     1 ||     1
  Eat: Chunk             |       |     5 |    14 |    10 ||    29
       Ration            |       |       |     1 |     1 ||     2
Armor: Chain mail        |    36 |    60 |    17 |       ||   113
       Animal skin       |     1 |       |       |       ||     1
       Quicksilver drago |       |       |    79 |    95 ||   174
       Skin              |       |       |       |    10 ||    10
Dodge: Dodged            |    27 |    25 |    54 |    90 ||   196
Block: Shield            |       |    45 |    87 |   110 ||   242
